 Dungeon Crawl Stone Soup version 0.31-a0-257-gf185e81a89 (webtiles) character file.

Game seed: 2352279055927539975

710 qw the Skirmisher (level 7, 0/60 HPs)
             Began as a Minotaur Hexslinger on July 12, 2023.
             Slain by Pikel
             ... wielding a +1 whip of electrocution
              (11 damage)
             ... on level 5 of the Dungeon.
             The game lasted 00:01:33 (3322 turns).

qw the Skirmisher (Minotaur Hexslinger)             Turns: 3322, Time: 00:01:34

Health: 0/60       AC: -1    Str: 13    XL:     7   Next: 40%
Magic:  7/7        EV: 12    Int:  5    God:
Gold:   247        SH:  0    Dex: 14    Spells: 7/8 levels left

rFire   . . .        Y - +2 shortbow
rCold   . . .        (shield currently unavailable)
rNeg    . . .        l - +1 leather armour of the Present {+Inv rElec rPois Int-5}
rPois   +            (helmet restricted)
rElec   +            (no cloak)
rCorr   .            g - +0 pair of gloves
SInv    +            f - +0 pair of boots
Will    .....        k - amulet of regeneration
Stlth   +            d - ring of see invisible
HPRegen 1.10/turn    (no ring)
MPRegen 0.10/turn

%: no passive effects
@: about to teleport, corroded
A: horns 2, retaliatory headbutt
a: Evoke Invisibility


You were on level 5 of the Dungeon.
You visited 1 branch of the dungeon, and saw 5 of its levels.

You collected 247 gold pieces.


Innate Abilities, Weirdness & Mutations

You have a pair of horns on your head.
You reflexively headbutt those who attack you in melee.


   Skills:
 + Level 4.3 Fighting
 - Level 8.2 Ranged Weapons
 - Level 1.0 Armour
 - Level 2.1 Dodging
 - Level 1.0 Spellcasting
 - Level 2.0 Hexes


You had 7 spell levels left.
You knew the following spells:

 Your Spells              Type           Power      Damage    Failure   Level
a - Slow                  Hex            8%         N/A       26%         1

Your spell library contained the following spells:

 Spells                   Type           Power      Damage    Failure   Level
 Inner Flame              Hex/Fire       1%         N/A       77%         3
 Portal Projectile        Hex/Tloc       2%         N/A       77%         3
 Cause Fear               Hex            1%         N/A       95%         4

Inventory:

Hand Weapons
 Y - a +2 shortbow (weapon)
Armour
 f - a +0 pair of boots (worn)
 g - a +0 pair of gloves (worn)
 l - the +1 leather armour of the Present (worn) {+Inv rElec rPois Int-5}
   (You found it on level 3 of the Dungeon)

   Int:       It affects your intelligence (-5).
   rElec:     It insulates you from electricity.
   rPois:     It protects you from poison.
   +Inv:      It lets you turn invisible.
Jewellery
 d - a ring of see invisible (left hand)
 k - an amulet of regeneration (around neck)
Scrolls
 i - a scroll of identify
Potions
 a - 3 potions of curing
 b - a potion of cancellation {unknown}
 c - a potion of mutation {unknown}
 e - a potion of berserk rage {unknown}
 j - a potion of haste {unknown}

Dungeon Overview and Level Annotations

Branches:
Dungeon (5/15)
 Temple: D:4-7

Altars:
Ru
Sif Muna
Zin

Shops:
D:2 !

Annotations:
D:5 Pikel


Message History

Pikel is moderately wounded.
Pikel hits you with a +1 whip of electrocution.
You shoot an arrow. The arrow closely misses Pikel.
The arrow hits the lemure but does no damage.
Pikel hits you with a +1 whip of electrocution!
You shoot an arrow. The arrow hits Pikel.
Pikel is heavily wounded.
Pikel hits you but does no damage.
You shoot an arrow. The arrow hits Pikel.
Pikel is heavily wounded.
Pikel misses you.
You shoot an arrow. The arrow hits Pikel!
Pikel is almost dead.
Pikel waves his whip at you.
Pikel hits you with a +1 whip of electrocution.
You shoot an arrow. The arrow completely misses Pikel.
The arrow closely misses the lemure.
The arrow hits the lemure but does no damage.
Pikel hits you with a +1 whip of electrocution.
You shoot an arrow. The arrow hits Pikel.
Pikel is almost dead.
Pikel misses you.
You shoot an arrow.
The arrow hits Pikel but does no damage.
Pikel is almost dead.
Pikel barely misses you.
You shoot an arrow. The arrow closely misses Pikel.
The arrow hits the lemure!
The lemure is moderately wounded.
Pikel zaps a wand.
The bolt of acid hits you!! The acid corrodes you!
You shoot an arrow. The arrow closely misses Pikel.
The arrow closely misses the lemure.
Pikel zaps a wand.
The bolt of acid hits you! The acid corrodes you!
You shoot an arrow. The arrow hits Pikel.
Pikel is almost dead.
Pikel hits you with a +1 whip of electrocution!
3322 ||| READING scroll of teleportation.
As you read the scroll of teleportation, it crumbles to dust.
You feel strangely unstable.
Pikel hits you with a +1 whip of electrocution!
You die...

#. #.# ####.####
#
........##5####.
#......@K5.....
#.#.##.##5#....
# #.##.##......
#.#.#.......#...
#......#.####
.## ###.##.#.# #
#.##.#.#
#.../..# ##+##
####.### ##...##


You could see Pikel and 3 lemures.

Vanquished Creatures
  Eustachio (D:5)
  A lemure (D:5)
  A phantom (D:4)
  A scorpion (D:3)
  2 hounds (D:5)
  3 orc priests
  3 iguanas (D:4)
  Natasha (thrice) (D:2)
  An orc wizard (D:2)
  A gnoll (D:1)
  3 adders
  7 orcs
  9 endoplasms
  5 giant cockroaches
  3 goblins
  3 hobgoblins
  11 jackals
  17 kobolds
  3 quokkas
  3 ball pythons
  5 bats
  6 frilled lizards
  3 rats
95 creatures vanquished.

Notes
Turn   | Place    | Note
-------+----------+-------------------------------------------
     0 | D:1      | qw the Minotaur Hexslinger began the quest for the Orb.
     0 | D:1      | Reached XP level 1. HP: 16/16 MP: 1/1
     0 | D:1      | 0 ||| qw: Version: 0.3-a-52-g30416fa
     0 | D:1      | 0 ||| qw: Game counter: 6813
     0 | D:1      | 0 ||| qw: Melee chars always use a shield: true
     0 | D:1      | 0 ||| qw: God list: Okawaru
     0 | D:1      | 0 ||| qw: Allow faded altars: false
     0 | D:1      | 0 ||| qw: Do Orc after clearing Dungeon:15 true
     0 | D:1      | 0 ||| qw: Do second Lair branch before Depths: true
     0 | D:1      | 0 ||| qw: Lair rune preference: random
     0 | D:1      | 0 ||| qw: Goals: Normal
     0 | D:1      | 0 ||| PLANNING D:1-11
    75 | D:1      | Reached skill level 3 in Ranged Weapons
    75 | D:1      | Reached XP level 2. HP: 23/23 MP: 2/2
   270 | D:1      | Reached XP level 3. HP: 24/29 MP: 3/3
   510 | D:1      | 510 ||| UPGRADING to amulet of regeneration.
   515 | D:1      | 515 ||| READING scroll labelled XOQEMAE BASICH.
   516 | D:1      | 516 ||| READING 2 scrolls labelled GYM UR UDOMMAICVOSH.
   517 | D:1      | 517 ||| READING scroll labelled SASOIRUNILE.
   518 | D:1      | 518 ||| READING scroll labelled QENAIF RUCU.
   519 | D:1      | 519 ||| READING scroll labelled ITAOBYR CENU.
   520 | D:1      | 520 ||| DROPPING scroll of poison.
   521 | D:1      | 521 ||| DROPPING scroll of blinking.
   548 | D:2      | Noticed Natasha
   552 | D:2      | Killed Natasha
   553 | D:2      | Reached skill level 4 in Ranged Weapons
   594 | D:2      | Reached XP level 4. HP: 33/36 MP: 4/4
   617 | D:2      | Found Quheefur's Distillery.
   629 | D:2      | 629 ||| SHOPLISTING 2 potions of enlightenment (110 gold,
                  | have 29).
   629 | D:2      | 629 ||| SHOPLISTING 2 potions of haste (220 gold, have 29).
   629 | D:2      | 629 ||| SHOPLISTING potion of cancellation (88 gold, have
                  | 29).
   629 | D:2      | 629 ||| SHOPLISTING potion of curing (33 gold, have 29).
   629 | D:2      | 629 ||| SHOPLISTING potion of haste (110 gold, have 29).
   629 | D:2      | 629 ||| SHOPLISTING potion of might (44 gold, have 29).
   692 | D:2      | 692 ||| FLEEEEING.
   693 | D:2      | 693 ||| FLEEEEING.
   694 | D:2      | 694 ||| FLEEEEING.
   695 | D:2      | 695 ||| FLEEEEING.
   710 | D:2      | Reached skill level 5 in Ranged Weapons
   745 | D:2      | Reached skill level 3 in Fighting
   745 | D:2      | Reached XP level 5. HP: 33/45 MP: 5/5
   802 | D:2      | Noticed Natasha
   820 | D:2      | Killed Natasha
  1019 | D:2      | 1019 ||| SWAPPING to +0 shortbow.
  1020 | D:2      | 1020 ||| DROPPING +1 sling.
  1026 | D:2      | You fall into a shaft and drop 1 floor!
  1101 | D:3      | Identified the +1 leather armour of the Present {+Inv rElec
                  | rPois Int-5}
  1238 | D:3      | 1238 ||| UPGRADING to +0 leather armour.
  1248 | D:3      | 1248 ||| DROPPING +0 robe.
  1249 | D:3      | 1249 ||| UPGRADING to +0 pair of gloves.
  1254 | D:3      | 1254 ||| UPGRADING to +1 leather armour of the Present
                  | {+Inv rElec rPois Int-5}.
  1264 | D:3      | 1264 ||| DROPPING +0 leather armour.
  1265 | D:3      | 1265 ||| READING scroll labelled JOASICS TONG.
  1400 | D:2      | Noticed Natasha
  1409 | D:2      | Killed Natasha
  1591 | D:2      | 1591 ||| DRINKING 2 bubbling black potions.
  1623 | D:2      | 1623 ||| DROPPING potion of lignification.
  1712 | D:3      | Reached skill level 6 in Ranged Weapons
  1712 | D:3      | Reached XP level 6. HP: 51/51 MP: 6/6
  2178 | D:3      | 2178 ||| UPGRADING to +0 pair of boots.
  2183 | D:3      | 2183 ||| READING scroll labelled URULOYFOMN.
  2184 | D:3      | 2184 ||| DRINKING 3 bubbling clear potions.
  2240 | D:4      | Found a sacrificial altar of Ru.
  2293 | D:4      | Reached skill level 1 in Armour
  2299 | D:4      | 2299 ||| Stepping ~*~*~tactically~*~*~ (outnumbered).
  2603 | D:4      | Identified the +4 dagger "Juggill" {holy, Int+4}
  2703 | D:4      | Found a glowing silver altar of Zin.
  2783 | D:4      | Reached skill level 7 in Ranged Weapons
  2790 | D:4      | 2790 ||| READING scroll of enchant weapon.
  2790 | D:4      | 2790 ||| ENCHANTING +1 shortbow.
  2884 | D:4      | Reached XP level 7. HP: 32/59 MP: 7/7
  2911 | D:4      | 2911 ||| UPGRADING to ring of see invisible.
  2912 | D:4      | 2912 ||| READING scroll labelled ORIWYUSUXO.
  2950 | D:5      | Entered Level 5 of the Dungeon
  3066 | D:5      | Noticed Eustachio
  3106 | D:5      | Killed Eustachio
  3107 | D:5      | Reached skill level 8 in Ranged Weapons
  3113 | D:5      | 3113 ||| FLEEEEING.
  3119 | D:5      | 3119 ||| STAIRDANCE
  3141 | D:4      | 3141 ||| DRINKING 2 sedimented grey potions.
  3142 | D:4      | 3142 ||| DROPPING potion of attraction.
  3269 | D:5      | Found a shimmering blue altar of Sif Muna.
  3301 | D:5      | Noticed Pikel
  3321 | D:5      | HP: 10/60 [Pikel/+1 whip of electrocution (13)]
  3322 | D:5      | 3322 ||| READING scroll of teleportation.
  3322 | D:5      | Slain by Pikel

Levels and vault maps discovered:
D:1:      nzn_arrival_crosshair, layout_basic
D:2:      layout_loops_ring, serial_shops, nicolae_shop_hallway_plus,
          uniq_natasha
D:3:      layout_loops_ring, hangedman_decor_growths, minmay_misc_feat_square,
          minmay_goblin_kobold_house
D:4:      layout_loops_ring, old_standard_altar, nicolae_ru_awakened_eye,
          nicolae_titane
D:5:      layout_loops_corners, mainiacjoe_overflow_brackets,
          lemuel_doored_altar, minmay_curled_crystal, uniq_eustachio, uniq_pikel

Skill      XL: |  1  2  3  4  5  6  7 |
---------------+----------------------+-----
Ranged Weapons | 3 4 5 6 7 8 |  8.2
Fighting       | 2 3 4 |  4.3
Armour         | 1 |  1.0
Dodging        | |  2.1
Spellcasting   | |  1.0
Hexes          | |  2.0

Action                     |  1- 3 |  4- 6 |  7- 9 || total
---------------------------+-------+-------+-------++-------
   Fire: Sling             |    86 |    73 |       ||   159
         Shortbow          |       |   150 |    71 ||   221
    Use: Scroll            |     5 |     3 |     2 ||    10
         Potion            |       |     2 |     1 ||     3
 Armour: Robe              |     2 |     5 |       ||     7
         Leather armour    |       |    19 |    25 ||    44
  Dodge: Dodged            |    23 |    60 |    34 ||   117

Table legend:
 A = Non-vault XP
 B = Vault XP
 C = Vault XP percentage of total XP
 D = Non-vault monster count
 E = Vault monster count
 F = Vault count percentage of total count
                 A         B        C        D         E       F
            +---------+---------+-------+---------+---------+-------
      Total |     797 |     218 |  21.5 |      87 |       7 |   7.4
            +---------+---------+-------+---------+---------+-------
        D:1 |      57 |       0 |   0.0 |      27 |       0 |   0.0
        D:2 |     227 |      35 |  13.4 |      23 |       1 |   4.2
        D:3 |     119 |       7 |   5.6 |      15 |       5 |  25.0
        D:4 |     305 |       0 |   0.0 |      19 |       0 |   0.0
        D:5 |      89 |     176 |  66.4 |       3 |       1 |  25.0
            +---------+---------+-------+---------+---------+-------
